 Dungeon Crawl Stone Soup version 0.24.0-13-gcf9b3192b9 (webtiles) character file.

Game seed: 7599865696176254561, levelgen mode: deterministic

422 Delamore the Cleaver (level 6, -13/56 HPs)
             Began as a Hill Orc Monk on Nov 7, 2019.
             Was a Believer of Beogh.
             Killed from afar by a big kobold (51 damage)
             ... with an exploding inner flame
             ... hexed by the player character
             ... on level 3 of the Dungeon.
             The game lasted 00:07:50 (3129 turns).

Delamore the Cleaver (Hill Orc Monk)                Turns: 3129, Time: 00:07:50

Health: -13/56     AC:  9    Str: 15 (16) XL:     6   Next: 95%
Magic:  6/6        EV:  7    Int: 10      God:    Beogh [**....]
Gold:   179        SH:  0    Dex: 11 (13) Spells: 5/5 levels left

rFire    . . .     SeeInvis .   a - +0 hand axe
rCold    + . .     Gourm    .   (no shield)
rNeg     . . .     Faith    .   o - +0 chain mail
rPois    .         Spirit   .   (helmet restricted)
rElec    .         Reflect  .   (no cloak)
rCorr    .         Harm     +   (no gloves)
MR       +....                  m - +0 pair of boots
Stlth    ..........             p - amulet of harm
HPRegen  0.18/turn              i - ring of protection from magic
MPRegen  0.10/turn              (no ring)

@: very slightly contaminated, invisible
A: horns 1, cold resistance 1, robust 1, MP-powered wands
a: Smiting, Renounce Religion


You were on level 3 of the Dungeon.
You worshipped Beogh.
Beogh was pleased with you.
You were not hungry.

You visited 1 branch of the dungeon, and saw 4 of its levels.

You collected 370 gold pieces.
You spent 191 gold pieces at shops.

Inventory:

Hand Weapons
 a - a +0 hand axe (weapon)
Missiles
 q - 3 poisoned darts (quivered)
Armour
 m - a +0 pair of boots (worn)
 o - a +0 chain mail (worn)
Jewellery
 i - a ring of protection from magic (left hand)
 p - an amulet of harm (around neck)
Wands
 n - a wand of iceblast (9)
Scrolls
 d - 6 scrolls of identify
 h - 2 scrolls of teleportation
 k - 4 scrolls of remove curse
 l - a scroll of blinking
Potions
 b - a potion of agility
 e - a potion of cancellation
 j - 2 potions of flight
Comestibles
 c - 11 rations


   Skills:
 - Level 3.6 Fighting
 + Level 9.8 Axes
 - Level 0.6 Armour
 - Level 2.4 Dodging
 - Level 1.5 Stealth


You had 5 spell levels left.
You didn't know any spells.
Your spell library was empty.

Dungeon Overview and Level Annotations

Branches:
Dungeon (4/15)
 Temple: D:4-7

Altars:
Fedhas
Ru
Wu Jian

Shops:
D:4 ?(=*

Annotations:
D:3 1 transporter


Innate Abilities, Weirdness & Mutations

You have a pair of small horns on your head.
Your flesh is cold resistant. (rC+)
You are robust. (+10% HP)
You expend magic power (3 MP) to strengthen your wands.


Message History

The centaur shoots an arrow.
The arrow completely misses the kobold.
The arrow hits you but does no damage.
The centaur shoots an arrow.
The arrow hits the big kobold!
You closely miss the big kobold.
The big kobold is heavily wounded.
You hit the howler monkey. The howler monkey hits you.
The centaur shoots an arrow.
The arrow hits the big kobold!
The big kobold explodes!
The fiery explosion engulfs the howler monkey!!
The howler monkey explodes!
The fiery explosion engulfs you.
The fiery explosion engulfs the centaur!!
The centaur explodes!
The fiery explosion engulfs the kobold!!
The kobold explodes!
Beogh accepts your kill. x3
You feel your intelligence returning. The fiery explosion engulfs you!!!
Ouch! That really hurt!
You die...

##.....©.....## #......
#..#########..# ##.##..
#.##8$_._$8##.# #..#..
#.#..()$)$..#.# ##....
#.#.##%..##.#.# #...#
#.#.##%..##.#.######.#.#
#.#........©#.#......#.#
#.#.##..%##.#.#.######..
#.#.##§@§##.#"#.# ###
#.#...§§§§%.#.#.# #
#.##8.§§§§8##...# ##
#..#########...## #.
##.....§........# #.
#####...##.....# #.
##.#...#...# ##
#...####### #. ###.# #.


There were no monsters in sight!

Vanquished Creatures
  2 centaurs
  A howler monkey (D:3)
  A centaur skeleton (D:4)
  An iguana (D:4)
  2 worker ants
  4 adders
  2 oozes (D:3)
  A worm (D:3)
  A dart slug (D:2)
  5 leopard geckos
  3 orcs
  A ball python (D:3)
  8 bats
  A giant cockroach (D:2)
  5 goblins
  6 hobgoblins
  8 jackals
  2 quokkas
  A frilled lizard (D:1)
  5 kobolds
  10 rats
  2 toadstools (D:3)
72 creatures vanquished.

Vanquished Creatures (others)
  A leopard gecko (D:3)
  2 rats (D:3)
  2 toadstools (D:3)
5 creatures vanquished.

Grand Total: 77 creatures vanquished

Notes
Turn   | Place    | Note
-------+----------+-------------------------------------------
     0 | D:1      | Delamore the Hill Orc Monk began the quest for the Orb.
     0 | D:1      | Reached XP level 1. HP: 19/19 MP: 1/1
    92 | D:1      | Reached XP level 2. HP: 25/26 MP: 2/2
   155 | D:1      | Reached skill level 5 in Axes
   645 | D:2      | Reached XP level 3. HP: 31/31 MP: 3/3
  1407 | D:2      | Reached skill level 6 in Axes
  1429 | D:3      | Found a sacrificial altar of Ru.
  1429 | D:3      | Found an ornate altar of the Wu Jian Council.
  1429 | D:3      | Noticed a centaur
  1435 | D:3      | Noticed a big kobold
  1436 | D:3      | Reached XP level 4. HP: 39/39 MP: 4/4
  1443 | D:3      | Found a transporter.
  1456 | D:3      | Found a transporter.
  1472 | D:3      | Gained mutation: You are robust. (+10% HP) [potion of
                  | mutation]
  1472 | D:3      | Gained mutation: You have a pair of small horns on your
                  | head. [potion of mutation]
  1472 | D:3      | Gained mutation: Your flesh is cold resistant. (rC+)
                  | [potion of mutation]
  1472 | D:3      | Gained mutation: You expend magic power (3 MP) to
                  | strengthen your wands. [potion of mutation]
  1653 | D:3      | Became a worshipper of Beogh the Brigand
  1653 | D:3      | Reached * piety under Beogh
  1653 | D:3      | Reached ** piety under Beogh
  1816 | D:3      | Reached skill level 7 in Axes
  2001 | D:4      | Found Apsoz's Assorted Antiques.
  2013 | D:4      | Reached XP level 5. HP: 40/49 MP: 5/5
  2021 | D:4      | Bought a scroll labeled RUOBOY PEIPSEYCI for 23 gold pieces
  2021 | D:4      | Bought a scroll labeled TUVANG UREO for 23 gold pieces
  2034 | D:4      | Found Masiar's Jewellery Emporium.
  2041 | D:4      | Noticed a centaur
  2042 | D:4      | Found a blossoming altar of Fedhas.
  2382 | D:4      | Reached skill level 8 in Axes
  2391 | D:4      | Killed a centaur
  2391 | D:4      | Reached XP level 6. HP: 44/56 MP: 6/6
  2483 | D:4      | Reached skill level 9 in Axes
  2574 | D:4      | Found Kossej's Antique Weapon Shoppe.
  2736 | D:4      | Found Onnedy's Magic Scroll Emporium.
  2747 | D:4      | Bought a scroll of identify for 20 gold pieces
  2747 | D:4      | Bought a scroll of identify for 20 gold pieces
  2747 | D:4      | Bought a scroll of blinking for 75 gold pieces
  2747 | D:4      | Bought a scroll of teleportation for 30 gold pieces
  3129 | D:3      | Killed from afar by a big kobold

Levels and vault maps discovered:
D:1:      mrwooster_arrival_statue, layout_basic, nrook_uturn
D:2:      layout_basic
D:3:      layout_rooms, gammafunk_temple_overflow_arena, first_ration,
          minmay_gold_behind_fungi
D:4:      layout_loops_ring, serial_shops, shop, shop_scrolls, shop_fountains,
          shop, fedhas_bush_and_centaur_altar

Skill      XL: |  1  2  3  4  5  6 |
---------------+-------------------+-----
Axes           | 5 6 7 8 9 |  9.8
Fighting       | |  3.6
Armour         | |  0.6
Dodging        | |  2.4
Stealth        | |  1.5

Action                   |  1- 3 |  4- 6 || total
-------------------------+-------+-------++-------
Melee: Hand axe          |   118 |   134 ||   252
       Headbutt          |       |    23 ||    23
Invok: Convert to Beogh  |       |     1 ||     1
  Use: Scroll            |       |    12 ||    12
       Potion            |       |     4 ||     4
 Stab: Sleeping          |     5 |       ||     5
  Eat: Chunk             |     1 |     5 ||     6
       Ration            |       |     1 ||     1
Armor: Leather armour    |    12 |       ||    12
       Chain mail        |    19 |    98 ||   117
Dodge: Dodged            |    63 |    56 ||   119
